Chicago Blackhawks vs New York Rangers

Created - jeudi 17 janvier 2019 at 19:00

Goals
1 2 3 T
Chicago Blackhawks 2 1 1 4
New York Rangers 0 2 0 2
Shots
1 2 3 T
Chicago Blackhawks 13 7 7 27
New York Rangers 4 13 10 27

1st period

1. Chicago Blackhawks , Jonathan Toews 15 (Nick Schmaltz 17, Patrick Kane 25) at 11:16 (PP)
2. Chicago Blackhawks , Patrick Kane 14 (Seth Jones 16) at 12:17

Penalties :
Connor Murphy (CHI) for Slashing (Minor) at 6:17, Brandon Dubinsky (NYR) for Holding (Minor) at 10:20, Jan Rutta (CHI) for Slashing (Minor) at 17:52

2nd period

3. New York Rangers , Jujhar Khaira 5 (Lee Stempniak 6) at 3:55
4. New York Rangers , Mats Zuccarello 24 (Daniel Sedin 13, Kris Russell 10) at 4:31
5. Chicago Blackhawks , Richard Panik 10 (Seth Jones 17, Alex DeBrincat 16) at 10:00

Penalties :
No Penalty

3rd period

6. Chicago Blackhawks , Anthony Mantha 13 (Seth Jones 18, Nick Schmaltz 18) at 5:41

Penalties :
Connor Murphy (CHI) for Diving (Minor) at 0:41, Jujhar Khaira (NYR) for Holding (Minor) at 11:04

Goalie Stats

Corey Crawford (CHI), 25 saves from 27 shots - (0.926), W, 18-12-9, 60:00 minutes
Peter Budaj (NYR), 23 saves from 27 shots - (0.852), L, 6-4-0, 60:00 minutes

Players Stats for Chicago Blackhawks

Player Name              G  A  P  +/- PIM S  H  SB GA TA FO     MP     PP MP  PK MP  
------------------------------------------------------------------------------------
Alex DeBrincat           0  1  1   1  0   1  5  0  1  0  0/0    13:31   1:27   0:00 
Andrew Ladd              0  0  0   0  0   1  1  0  0  0  1/1    14:11   0:00   0:49 
Anthony Mantha           1  0  1   1  0   1  1  1  0  0  0/1    14:22   1:09   0:00 
Artem Anisimov           0  0  0  -1  0   1  0  1  0  0  7/19   15:23   0:00   2:02 
Brent Seabrook           0  0  0   0  0   0  3  1  2  2  0/0    18:06   0:00   2:44 
Connor Murphy            0  0  0   1  4   2  4  0  0  3  0/0    18:08   0:00   0:59 
David Kampf              0  0  0   0  0   0  2  0  1  1  0/0    13:47   0:00   1:37 
Denis Malgin             0  0  0   0  0   2  0  1  0  0  7/14   13:04   1:02   0:00 
Duncan Keith             0  0  0   0  0   1  0  1  1  0  0/0    21:42   1:27   2:11 
Jan Rutta                0  0  0   0  2   0  1  1  0  0  0/0    17:59   0:00   2:30 
Jonathan Toews           1  0  1   1  0   6  3  0  0  0  8/12   16:18   1:53   1:03 
Marcus Kruger            0  0  0   1  0   1  3  1  0  0  3/13   15:39   0:00   3:10 
Nick Schmaltz            0  2  2   1  0   2  0  0  1  0  0/1    18:02   1:44   3:13 
Patrick Kane             1  1  2  -1  0   4  0  1  3  1  0/1    15:13   2:14   0:00 
Richard Panik            1  0  1   1  0   3  2  0  1  0  0/1    13:06   0:18   0:00 
Ryan Hartman             0  0  0  -1  0   1  2  0  1  0  1/1    14:47   1:53   0:00 
Scott Mayfield           0  0  0   0  0   0  3  1  0  0  0/0    17:20   0:00   0:00 
Seth Jones               0  3  3   1  0   1  1  3  0  0  0/0    23:22   1:28   3:30 

Players Stats for New York Rangers

Player Name              G  A  P  +/- PIM S  H  SB GA TA FO     MP     PP MP  PK MP  
------------------------------------------------------------------------------------
Adam Larsson             0  0  0   0  0   1  2  0  0  1  0/0    19:34   0:00   0:00 
Alexander Petrovic       0  0  0  -2  0   0  0  2  0  1  0/0    20:41   3:00   1:25 
Alexandre Burrows        0  0  0   1  0   1  3  0  0  0  0/0    16:34   0:03   0:05 
Boo Nieves               0  0  0  -1  0   3  2  1  0  0  5/9    14:30   0:19   0:00 
Brady Skjei              0  0  0   1  0   2  1  0  0  0  0/0    17:08   2:57   1:30 
Brandon Dubinsky         0  0  0  -1  2   1  4  0  0  1  15/23  17:40   3:01   0:57 
Brendan Smith            0  0  0   0  0   0  0  0  0  0  0/0     2:46   0:00   0:00 
Daniel Sedin             0  1  1  -1  0   1  0  0  0  0  0/3    17:42   3:01   1:23 
Jujhar Khaira            1  0  1   1  2   3  1  1  0  1  9/15   18:52   2:37   0:35 
Kris Russell             0  1  1   0  0   0  0  0  2  3  0/0    24:01   2:57   1:30 
Lee Stempniak            0  1  1   1  0   3  1  0  1  1  3/3    18:17   2:37   0:00 
Magnus Paajarvi          0  0  0   0  0   4  0  1  1  0  0/0    11:34   2:50   0:00 
Martin Necas             0  0  0  -1  0   0  0  0  0  1  0/0    12:28   0:00   0:00 
Mats Zuccarello          1  0  1  -1  0   5  2  0  2  2  0/4    24:56   3:04   1:23 
Matt Martin              0  0  0  -1  0   1  5  0  1  0  1/1    14:13   0:19   0:00 
Neal Pionk               0  0  0  -2  0   2  0  1  0  0  0/0    20:41   3:00   1:25 
Shawn Matthias           0  0  0   0  0   0  1  1  0  0  4/6    10:17   0:00   1:27 
Tony DeAngelo            0  0  0   1  0   0  1  1  0  0  0/0    15:09   0:00   0:00 

3 Stars

1 - Seth Jones (CHI)
2 - Jonathan Toews (CHI)
3 - Richard Panik (CHI)

Power Play

Chicago Blackhawks - 1 on 2 Attempt(s) - 50.00%
New York Rangers - 0 on 3 Attempt(s) - 0.00%

Penalty Kill

Chicago Blackhawks - 3 on 3 Attempt(s) - 100.00% - Score 0 goal in Penalty Kill
New York Rangers - 1 on 2 Attempt(s) - 50.00% - Score 0 goal in Penalty Kill

Team Stat

Chicago Blackhawks - Hits : 31 - Faceoff Wins : 27 - Blocked Shots : 12 - Penalty Minutes : 6
New York Rangers - Hits : 23 - Faceoff Wins : 37 - Blocked Shots : 8 - Penalty Minutes : 4

Official

Referees : Frederick L'Ecuyer and Garrett Rank
Linesman : Tim Nowak and Brandon Gawryletz

Game Notes

5:41 of 3rd period - Chicago Blackhawks goal is going for a video replay. After video review, Goal.

Finance

Level 1 -- Attendance: 8560 (80.75%) -- Ticket Income fr. 684'800
Level 2 -- Attendance: 1840 (83.64%) -- Ticket Income fr. 119'600
Level 3 -- Attendance: 2922 (78.97%) -- Ticket Income fr. 102'270
Level 4 -- Attendance: 1450 (100.00%) -- Ticket Income fr. 29'000
Luxury Box -- Attendance: 46 (92.00%) -- Ticket Income fr. 9'200
Game was played at the Madison Square Garden.
Total Attendance: 14818 (82.32%)
Total Ticket Income: fr. 944'870
Total Income: fr. 944'870

Chicago Blackhawks

5 vs 5 Forward 
   Center                   Left Wing                Right Wing               Time % Phy DF OF 
 1 Jonathan Toews           Nick Schmaltz            Anthony Mantha           26     0   1  4  
 2 Artem Anisimov           Ryan Hartman             Patrick Kane             25     0   1  4  
 3 Denis Malgin             Andrew Ladd              David Kampf              25     0   2  3  
 4 Marcus Kruger            Richard Panik            Alex DeBrincat           24     0   3  2  

5 vs 5 Defense 
   Defense                  Defense                                           Time % Phy DF OF 
 1 Duncan Keith             Scott Mayfield                                    33     0   2  3  
 2 Seth Jones               Connor Murphy                                     33     0   2  3  
 3 Brent Seabrook           Jan Rutta                                         29     0   3  2  
 4 Duncan Keith             Seth Jones                                        5      0   3  2  

PowerPlay Forward 
   Center                   Left Wing                Right Wing               Time % Phy DF OF 
 1 Jonathan Toews           Ryan Hartman             Patrick Kane             50     0   0  5  
 2 Denis Malgin             Nick Schmaltz            Anthony Mantha           50     0   0  5  

PowerPlay Defense
   Defense                  Defense                                           Time % Phy DF OF 
 1 Duncan Keith             Alex DeBrincat                                    60     0   0  5  
 2 Seth Jones               Patrick Kane                                      40     0   0  5  

Penalty Kill 4 Players Forward 
   Center                   Wing                     Time % Phy DF OF 
 1 Marcus Kruger            Nick Schmaltz            60     0   5  0  
 2 Artem Anisimov           David Kampf              40     0   5  0  

Penalty Kill 4 Players Defense
   Defense                  Defense                  Time % Phy DF OF 
 1 Seth Jones               Jan Rutta                60     0   5  0  
 2 Brent Seabrook           Connor Murphy            40     0   5  0  

Penalty Kill - 3 Players Forward 
   Forward                                           Time % Phy DF OF 
 1 Marcus Kruger                                     60     0   5  0  
 2 Jonathan Toews                                    40     0   5  0  

Penalty Kill - 3 Players Defense
   Defense                  Defense                  Time % Phy DF OF 
 1 Brent Seabrook           Connor Murphy            60     0   5  0  
 2 Duncan Keith             Scott Mayfield           40     0   5  0  

4 vs 4 Forward 
   Center                   Wing                     Time % Phy DF OF 
 1 Marcus Kruger            Nick Schmaltz            50     0   2  3  
 2 Jonathan Toews           David Kampf              50     0   2  3  

4 vs 4 Defense
   Defense                  Defense                  Time % Phy DF OF 
 1 Duncan Keith             Brent Seabrook           50     0   3  2  
 2 Scott Mayfield           Seth Jones               50     0   3  2  

Last Minutes Offensive
   Center                   Left Wing                Right Wing               Defense                  Defense                  
   Jonathan Toews           Patrick Kane             Nick Schmaltz            Brent Seabrook           Jan Rutta                

Last Minutes Defensive
   Center                   Left Wing                Right Wing               Defense                  Defense                  
   Jonathan Toews           Patrick Kane             Nick Schmaltz            Brent Seabrook           Jan Rutta                

Goaltenders
Starting : Corey Crawford           
Backup : Antti Raanta             

Extra Forwards
Normal : Nick Schmaltz, Jonathan Toews, Patrick Kane - PP : Nick Schmaltz, Jonathan Toews - PK : Jonathan Toews
Extra Defensemen
Normal : Brent Seabrook, Seth Jones, Duncan Keith - PP : Brent Seabrook - PK : Brent Seabrook, Seth Jones
Penalty Shots
Patrick Kane, Ryan Hartman, Nick Schmaltz, Jonathan Toews, Alex DeBrincat
Custom OT Lines Forwards
Jonathan Toews, Nick Schmaltz, Patrick Kane, Artem Anisimov, Marcus Kruger, Ryan Hartman, David Kampf, Anthony Mantha, Alex DeBrincat, Andrew Ladd
Custom OT Lines Defensemen
Brent Seabrook, Seth Jones, Duncan Keith, Scott Mayfield, Jan Rutta

Scratches
Tanner Kero (Healthy), Michal Kempny (Healthy)

New York Rangers

5 vs 5 Forward 
   Center                   Left Wing                Right Wing               Time % Phy DF OF 
 1 Brandon Dubinsky         Daniel Sedin             Mats Zuccarello          30     1   2  2  
 2 Jujhar Khaira            Alexandre Burrows        Lee Stempniak            30     1   2  2  
 3 Boo Nieves               Matt Martin              Martin Necas             25     1   2  2  
 4 Shawn Matthias           Magnus Paajarvi          Mats Zuccarello          15     1   2  2  

5 vs 5 Defense 
   Defense                  Defense                                           Time % Phy DF OF 
 1 Adam Larsson             Kris Russell                                      38     1   2  2  
 2 Neal Pionk               Alexander Petrovic                                34     1   2  2  
 3 Tony DeAngelo            Brady Skjei                                       28     1   2  2  
 4 Brendan Smith            Tony DeAngelo                                     0      1   2  2  

PowerPlay Forward 
   Center                   Left Wing                Right Wing               Time % Phy DF OF 
 1 Brandon Dubinsky         Daniel Sedin             Mats Zuccarello          50     1   2  2  
 2 Jujhar Khaira            Magnus Paajarvi          Lee Stempniak            50     1   2  2  

PowerPlay Defense
   Defense                  Defense                                           Time % Phy DF OF 
 1 Brady Skjei              Kris Russell                                      50     1   2  2  
 2 Neal Pionk               Alexander Petrovic                                50     1   2  2  

Penalty Kill 4 Players Forward 
   Center                   Wing                     Time % Phy DF OF 
 1 Mats Zuccarello          Daniel Sedin             50     1   2  2  
 2 Brandon Dubinsky         Jujhar Khaira            50     1   2  2  

Penalty Kill 4 Players Defense
   Defense                  Defense                  Time % Phy DF OF 
 1 Brady Skjei              Kris Russell             50     1   2  2  
 2 Neal Pionk               Alexander Petrovic       50     1   2  2  

Penalty Kill - 3 Players Forward 
   Forward                                           Time % Phy DF OF 
 1 Mats Zuccarello                                   50     1   2  2  
 2 Daniel Sedin                                      50     1   2  2  

Penalty Kill - 3 Players Defense
   Defense                  Defense                  Time % Phy DF OF 
 1 Brady Skjei              Kris Russell             50     1   2  2  
 2 Neal Pionk               Alexander Petrovic       50     1   2  2  

4 vs 4 Forward 
   Center                   Wing                     Time % Phy DF OF 
 1 Mats Zuccarello          Daniel Sedin             50     1   2  2  
 2 Brandon Dubinsky         Jujhar Khaira            50     1   2  2  

4 vs 4 Defense
   Defense                  Defense                  Time % Phy DF OF 
 1 Brady Skjei              Kris Russell             50     1   2  2  
 2 Neal Pionk               Alexander Petrovic       50     1   2  2  

Last Minutes Offensive
   Center                   Left Wing                Right Wing               Defense                  Defense                  
   Brandon Dubinsky         Daniel Sedin             Mats Zuccarello          Brady Skjei              Kris Russell             

Last Minutes Defensive
   Center                   Left Wing                Right Wing               Defense                  Defense                  
   Brandon Dubinsky         Daniel Sedin             Mats Zuccarello          Brady Skjei              Kris Russell             

Goaltenders
Starting : Peter Budaj              
Backup : Ryan Miller              

Extra Forwards
Normal : Matt Martin, Boo Nieves, Shawn Matthias - PP : Matt Martin, Boo Nieves - PK : Shawn Matthias
Extra Defensemen
Normal : Brendan Smith, Kris Russell, Tony DeAngelo - PP : Brendan Smith - PK : Adam Larsson, Tony DeAngelo
Penalty Shots
Mats Zuccarello, Daniel Sedin, Brandon Dubinsky, Jujhar Khaira, Lee Stempniak
Custom OT Lines Forwards
Mats Zuccarello, Daniel Sedin, Brandon Dubinsky, Jujhar Khaira, Lee Stempniak, Magnus Paajarvi, Matt Martin, Boo Nieves, Alexandre Burrows, Shawn Matthias
Custom OT Lines Defensemen
Brady Skjei, Kris Russell, Neal Pionk, Alexander Petrovic, Brendan Smith

Scratches
David Schlemko (Healthy), Josh Leivo (Bruised Left Arm Injury), J.T. Miller (Healthy), Marcus Pettersson (Fractured Bone in Left Hand Injury)

% Time on Ice - Chicago Blackhawks

Lines # - Real PCT - Wanted PCT - Time Play
Normal Forward
1 - 24% - 26% - 12:10
2 - 29% - 25% - 14:53
3 - 23% - 25% - 11:56
4 - 24% - 24% - 12:09
Normal Defense
1 - 34% - 33% - 17:23
2 - 34% - 33% - 17:37
3 - 30% - 29% - 15:21
4 - 2% - 5% - 0:47
PP Forward
1 - 65% - 50% - 1:53
2 - 35% - 50% - 1:02
PP Defense
1 - 50% - 60% - 1:27
2 - 50% - 40% - 1:28
PK Forward
1 - 73% - 60% - 4:20
2 - 27% - 40% - 1:37
PK Defense
1 - 63% - 60% - 3:44
2 - 37% - 40% - 2:13
PK3 Forward
1 - 0% - 60%
2 - 0% - 40%
PK3 Defense
1 - 0% - 60%
2 - 0% - 40%
44 Forward
1 - 0% - 50%
2 - 0% - 50%
44 Defense
1 - 0% - 50%
2 - 0% - 50%
Last Minute Offensive  - 0:00
Last Minute Defensive  - 0:00
Total
Forward - 60:00
Defense - 60:00

% Time on Ice - New York Rangers

Lines # - Real PCT - Wanted PCT - Time Play
Normal Forward
1 - 27% - 30% - 13:55
2 - 33% - 30% - 16:58
3 - 24% - 25% - 12:28
4 - 15% - 15% - 7:47
Normal Defense
1 - 38% - 38% - 19:34
2 - 32% - 34% - 16:16
3 - 25% - 28% - 12:32
4 - 5% - 0% - 2:46
PP Forward
1 - 52% - 50% - 3:07
2 - 48% - 50% - 2:50
PP Defense
1 - 50% - 50% - 2:57
2 - 50% - 50% - 3:00
PK Forward
1 - 47% - 50% - 1:23
2 - 53% - 50% - 1:32
PK Defense
1 - 51% - 50% - 1:30
2 - 49% - 50% - 1:25
PK3 Forward
1 - 0% - 50%
2 - 0% - 50%
PK3 Defense
1 - 0% - 50%
2 - 0% - 50%
44 Forward
1 - 0% - 50%
2 - 0% - 50%
44 Defense
1 - 0% - 50%
2 - 0% - 50%
Last Minute Offensive  - 0:00
Last Minute Defensive  - 0:00
Total
Forward - 60:00
Defense - 60:00

Play-by-Play

1st period


0:01 of 1st period - Brandon Dubinsky wins face-off versus Jonathan Toews in neutral zone.
1:11 of 1st period - Duncan Keith is hit by Matt Martin and loses puck.
3:25 of 1st period - Wrist shot by Richard Panik.
3:25 of 1st period - Stopped by Peter Budaj without a rebound.
3:26 of 1st period - Boo Nieves wins face-off versus Marcus Kruger in New York Rangers zone.
3:42 of 1st period - Matt Martin is hit by Marcus Kruger and loses puck.
3:55 of 1st period - Martin Necas is hit by Alex DeBrincat and loses puck.
4:04 of 1st period - Slapshot by Richard Panik.
4:04 of 1st period - Deflect By Alex DeBrincat.
4:04 of 1st period - Shot Misses the Net.
4:04 of 1st period - Puck is out of play.
4:05 of 1st period - Brandon Dubinsky wins face-off versus Artem Anisimov in New York Rangers zone.
4:18 of 1st period - Snap shot by Mats Zuccarello.
4:18 of 1st period - Shot Blocked by Brent Seabrook.
4:20 of 1st period - Wrist shot by Daniel Sedin.
4:20 of 1st period - Shot Blocked by Artem Anisimov.
4:34 of 1st period - Jujhar Khaira is hit by David Kampf and loses puck.
5:13 of 1st period - Slapshot by Artem Anisimov.
5:13 of 1st period - Stopped by Peter Budaj without a rebound.
5:14 of 1st period - Jujhar Khaira wins face-off versus Patrick Kane in New York Rangers zone.
5:38 of 1st period - Lee Stempniak is hit by Jonathan Toews and loses puck.
6:10 of 1st period - Wrist shot by Jujhar Khaira.
6:10 of 1st period - Shot Hit the Post.
6:12 of 1st period - Slapshot by Brady Skjei.
6:12 of 1st period - Shot Blocked by Scott Mayfield.
6:14 of 1st period - Wrist shot by Brady Skjei.
6:14 of 1st period - Stopped by Corey Crawford without a rebound.
6:15 of 1st period - Denis Malgin wins face-off versus Brandon Dubinsky in Chicago Blackhawks zone.
6:17 of 1st period - Minor Penalty to Connor Murphy for Slashing.
6:18 of 1st period - Brandon Dubinsky wins face-off versus Marcus Kruger in Chicago Blackhawks zone.
7:52 of 1st period - Daniel Sedin is hit by David Kampf and loses puck.
8:17 of 1st period - Penalty to Connor Murphy is over, Connor Murphy is back on ice.
8:17 of 1st period - Wrist shot by Matt Martin.
8:17 of 1st period - Deflect By Alexandre Burrows.
8:17 of 1st period - Shot Misses the Net.
8:17 of 1st period - Puck is out of play.
8:18 of 1st period - Matt Martin wins face-off versus Denis Malgin in Chicago Blackhawks zone.
9:08 of 1st period - Wrist shot by Magnus Paajarvi.
9:08 of 1st period - Stopped by Corey Crawford without a rebound.
9:09 of 1st period - Shawn Matthias wins face-off versus Richard Panik in Chicago Blackhawks zone.
9:34 of 1st period - Scott Mayfield is hit by Brandon Dubinsky and loses puck.
10:09 of 1st period - Snap shot by Nick Schmaltz.
10:09 of 1st period - Shot Misses the Net.
10:11 of 1st period - Backhand shot by Jonathan Toews.
10:11 of 1st period - Shot Blocked by Neal Pionk.
10:13 of 1st period - Snap shot by Duncan Keith.
10:13 of 1st period - Stopped by Peter Budaj without a rebound.
10:14 of 1st period - Artem Anisimov wins face-off versus Brandon Dubinsky in New York Rangers zone.
10:20 of 1st period - Minor Penalty to Brandon Dubinsky for Holding.
10:21 of 1st period - Jonathan Toews wins face-off versus Mats Zuccarello in New York Rangers zone.
11:12 of 1st period - Slapshot by Jonathan Toews.
11:12 of 1st period - Shot Blocked by Jujhar Khaira.
11:16 of 1st period - Snap shot by Jonathan Toews.
11:16 of 1st period - Goal by Jonathan Toews - Chicago Blackhawks : 1 - New York Rangers : 0.
11:17 of 1st period - Boo Nieves wins face-off versus Denis Malgin in neutral zone.
12:01 of 1st period - Wrist shot by Mats Zuccarello.
12:01 of 1st period - Shot Blocked by Seth Jones.
12:17 of 1st period - Slapshot by Patrick Kane.
12:17 of 1st period - Goal by Patrick Kane - Chicago Blackhawks : 2 - New York Rangers : 0.
12:18 of 1st period - Artem Anisimov wins face-off versus Jujhar Khaira in neutral zone.
12:31 of 1st period - Snap shot by Ryan Hartman.
12:31 of 1st period - Shot Misses the Net.
12:45 of 1st period - David Kampf is hit by Brandon Dubinsky and loses puck.
13:27 of 1st period - Wrist shot by Magnus Paajarvi.
13:27 of 1st period - Stopped by Corey Crawford with a rebound.
13:33 of 1st period - Neal Pionk is hit by Richard Panik.
13:51 of 1st period - Neal Pionk is hit by Connor Murphy and loses puck.
14:43 of 1st period - Brady Skjei is hit by Alex DeBrincat and loses puck.
14:48 of 1st period - Snap shot by Richard Panik.
14:48 of 1st period - Stopped by Peter Budaj without a rebound.
14:49 of 1st period - Artem Anisimov wins face-off versus Jujhar Khaira in New York Rangers zone.
14:52 of 1st period - Snap shot by Artem Anisimov.
14:52 of 1st period - Deflect By Patrick Kane.
14:52 of 1st period - Stopped by Peter Budaj with a rebound.
14:54 of 1st period - Slapshot by Seth Jones.
14:54 of 1st period - Deflect By Jujhar Khaira.
14:54 of 1st period - Stopped by Peter Budaj without a rebound.
14:55 of 1st period - Jujhar Khaira wins face-off versus Artem Anisimov in New York Rangers zone.
15:22 of 1st period - Snap shot by Alex DeBrincat.
15:22 of 1st period - Shot Misses the Net.
15:24 of 1st period - Slapshot by Connor Murphy.
15:24 of 1st period - Deflect By Adam Larsson.
15:24 of 1st period - Stopped by Peter Budaj with a rebound.
15:26 of 1st period - Wrist shot by Alex DeBrincat.
15:26 of 1st period - Stopped by Peter Budaj with a rebound.
15:28 of 1st period - Slapshot by Connor Murphy.
15:28 of 1st period - Deflect By Alexandre Burrows.
15:28 of 1st period - Stopped by Peter Budaj without a rebound.
15:29 of 1st period - Marcus Kruger wins face-off versus Daniel Sedin in New York Rangers zone.
15:38 of 1st period - Backhand shot by Richard Panik.
15:38 of 1st period - Shot Blocked by Alexander Petrovic.
15:40 of 1st period - Slapshot by Marcus Kruger.
15:40 of 1st period - Stopped by Peter Budaj without a rebound.
15:41 of 1st period - Brandon Dubinsky wins face-off versus Denis Malgin in New York Rangers zone.
15:46 of 1st period - Slapshot by Mats Zuccarello.
15:46 of 1st period - Shot Misses the Net.
15:48 of 1st period - Snap shot by Daniel Sedin.
15:48 of 1st period - Stopped by Corey Crawford without a rebound.
15:49 of 1st period - Brandon Dubinsky wins face-off versus Denis Malgin in Chicago Blackhawks zone.
16:14 of 1st period - Adam Larsson is hit by Connor Murphy and loses puck.
16:46 of 1st period - Nick Schmaltz is hit by Alexandre Burrows and loses puck.
16:57 of 1st period - Alexander Petrovic is hit by Alex DeBrincat and loses puck.
17:42 of 1st period - Snap shot by Denis Malgin.
17:42 of 1st period - Deflect By Neal Pionk.
17:42 of 1st period - Stopped by Peter Budaj with a rebound.
17:52 of 1st period - Minor Penalty to Jan Rutta for Slashing.
17:53 of 1st period - Jujhar Khaira wins face-off versus Nick Schmaltz in Chicago Blackhawks zone.
18:04 of 1st period - Jujhar Khaira is hit by Marcus Kruger and loses puck.
18:11 of 1st period - Nick Schmaltz is hit by Lee Stempniak and loses puck.
18:23 of 1st period - Icing by Brady Skjei.
18:24 of 1st period - Brandon Dubinsky wins face-off versus Marcus Kruger in New York Rangers zone.
18:58 of 1st period - Brent Seabrook is hit by Brandon Dubinsky and loses puck.
19:52 of 1st period - Penalty to Jan Rutta is over, Jan Rutta is back on ice.
19:59 of 1st period - Scott Mayfield is hit by Matt Martin.
Goals for this period are 2 for Chicago Blackhawks vs 0 for New York Rangers.
Shots for this period are 13 for Chicago Blackhawks vs 4 for New York Rangers.

2nd period


0:01 of 2nd period - Artem Anisimov wins face-off versus Brandon Dubinsky in neutral zone.
0:04 of 2nd period - Duncan Keith is hit by Brandon Dubinsky.
0:16 of 2nd period - Snap shot by Patrick Kane.
0:16 of 2nd period - Deflect By Artem Anisimov.
0:16 of 2nd period - Shot Misses the Net.
0:16 of 2nd period - Puck is out of play.
0:17 of 2nd period - Jujhar Khaira wins face-off versus Marcus Kruger in New York Rangers zone.
0:28 of 2nd period - Wrist shot by Lee Stempniak.
0:28 of 2nd period - Shot Misses the Net.
0:42 of 2nd period - Mats Zuccarello is hit by Brent Seabrook and loses puck.
1:11 of 2nd period - Matt Martin is hit by Scott Mayfield.
1:51 of 2nd period - Snap shot by Lee Stempniak.
1:51 of 2nd period - Shot Misses the Net.
2:06 of 2nd period - Brandon Dubinsky is hit by Jonathan Toews and loses puck.
2:23 of 2nd period - Snap shot by Andrew Ladd.
2:23 of 2nd period - Deflect By Denis Malgin.
2:23 of 2nd period - Shot Blocked by Boo Nieves.
2:23 of 2nd period - Puck is out of play.
2:24 of 2nd period - Denis Malgin wins face-off versus Jujhar Khaira in New York Rangers zone.
2:39 of 2nd period - Wrist shot by Andrew Ladd.
2:39 of 2nd period - Shot Misses the Net.
3:15 of 2nd period - Andrew Ladd is hit by Matt Martin and loses puck.
3:39 of 2nd period - Off-side.
3:40 of 2nd period - Shawn Matthias wins face-off versus Artem Anisimov in neutral zone.
3:45 of 2nd period - Snap shot by Mats Zuccarello.
3:45 of 2nd period - Stopped by Corey Crawford without a rebound.
3:46 of 2nd period - Lee Stempniak wins face-off versus Artem Anisimov in Chicago Blackhawks zone.
3:47 of 2nd period - Snap shot by Jujhar Khaira.
3:47 of 2nd period - Stopped by Corey Crawford with a rebound.
3:49 of 2nd period - Snap shot by Jujhar Khaira.
3:49 of 2nd period - Shot Misses the Net.
3:55 of 2nd period - Snap shot by Jujhar Khaira.
3:55 of 2nd period - Goal by Jujhar Khaira - Chicago Blackhawks : 2 - New York Rangers : 1.
3:56 of 2nd period - Brandon Dubinsky wins face-off versus Jonathan Toews in neutral zone.
4:05 of 2nd period - Adam Larsson is hit by Connor Murphy and loses puck.
4:22 of 2nd period - Kris Russell is hit by Ryan Hartman and loses puck.
4:31 of 2nd period - Slapshot by Mats Zuccarello.
4:31 of 2nd period - Goal by Mats Zuccarello - Chicago Blackhawks : 2 - New York Rangers : 2.
4:32 of 2nd period - Jujhar Khaira wins face-off versus Marcus Kruger in neutral zone.
4:35 of 2nd period - Snap shot by Lee Stempniak.
4:35 of 2nd period - Shot Misses the Net.
4:37 of 2nd period - Snap shot by Alexandre Burrows.
4:37 of 2nd period - Shot Misses the Net.
4:43 of 2nd period - Wrist shot by Alexandre Burrows.
4:43 of 2nd period - Stopped by Corey Crawford with a rebound.
5:20 of 2nd period - Patrick Kane is hit by Shawn Matthias and loses puck.
5:36 of 2nd period - Icing by Neal Pionk.
5:37 of 2nd period - Jujhar Khaira wins face-off versus Denis Malgin in New York Rangers zone.
6:34 of 2nd period - Slapshot by Matt Martin.
6:34 of 2nd period - Shot Misses the Net.
6:36 of 2nd period - Slapshot by Adam Larsson.
6:36 of 2nd period - Shot Blocked by Marcus Kruger.
6:38 of 2nd period - Slapshot by Adam Larsson.
6:38 of 2nd period - Shot Blocked by Duncan Keith.
7:02 of 2nd period - Jujhar Khaira is hit by Scott Mayfield and loses puck.
7:21 of 2nd period - Slapshot by Nick Schmaltz.
7:21 of 2nd period - Stopped by Peter Budaj without a rebound.
7:22 of 2nd period - Brandon Dubinsky wins face-off versus Jonathan Toews in New York Rangers zone.
7:22 of 2nd period - Brandon Dubinsky is hit by Connor Murphy.
7:34 of 2nd period - Snap shot by Jonathan Toews.
7:34 of 2nd period - Deflect By Mats Zuccarello.
7:34 of 2nd period - Shot Blocked by Alexander Petrovic.
7:34 of 2nd period - Puck is out of play.
7:35 of 2nd period - Lee Stempniak wins face-off versus Marcus Kruger in New York Rangers zone.
7:47 of 2nd period - Richard Panik is hit by Alexandre Burrows and loses puck.
8:34 of 2nd period - Anthony Mantha is hit by Tony DeAngelo and loses puck.
8:47 of 2nd period - Tony DeAngelo is hit by Brent Seabrook and loses puck.
8:56 of 2nd period - Wrist shot by Jujhar Khaira.
8:56 of 2nd period - Shot Misses the Net.
9:18 of 2nd period - Snap shot by Lee Stempniak.
9:18 of 2nd period - Stopped by Corey Crawford with a rebound.
9:20 of 2nd period - Slapshot by Brady Skjei.
9:20 of 2nd period - Shot Hit the Post.
9:22 of 2nd period - Snap shot by Alexandre Burrows.
9:22 of 2nd period - Shot Blocked by Jan Rutta.
9:24 of 2nd period - Snap shot by Lee Stempniak.
9:24 of 2nd period - Stopped by Corey Crawford without a rebound.
9:25 of 2nd period - Brandon Dubinsky wins face-off versus Artem Anisimov in Chicago Blackhawks zone.
9:26 of 2nd period - Wrist shot by Mats Zuccarello.
9:26 of 2nd period - Stopped by Corey Crawford with a rebound.
9:32 of 2nd period - Mats Zuccarello is hit by Ryan Hartman and loses puck.
10:00 of 2nd period - Snap shot by Richard Panik.
10:00 of 2nd period - Goal by Richard Panik - Chicago Blackhawks : 3 - New York Rangers : 2.
10:01 of 2nd period - Artem Anisimov wins face-off versus Brandon Dubinsky in neutral zone.
10:06 of 2nd period - Slapshot by Ryan Hartman.
10:06 of 2nd period - Stopped by Peter Budaj with a rebound.
10:14 of 2nd period - Wrist shot by Brandon Dubinsky.
10:14 of 2nd period - Shot Misses the Net.
10:16 of 2nd period - Slapshot by Adam Larsson.
10:16 of 2nd period - Shot Misses the Net.
10:53 of 2nd period - Icing by Duncan Keith.
10:54 of 2nd period - Shawn Matthias wins face-off versus Denis Malgin in Chicago Blackhawks zone.
10:55 of 2nd period - Slapshot by Mats Zuccarello.
10:55 of 2nd period - Stopped by Corey Crawford without a rebound.
10:56 of 2nd period - Artem Anisimov wins face-off versus Brandon Dubinsky in Chicago Blackhawks zone.
11:27 of 2nd period - Andrew Ladd is hit by Boo Nieves and loses puck.
11:53 of 2nd period - Off-side.
11:54 of 2nd period - Brandon Dubinsky wins face-off versus Artem Anisimov in neutral zone.
12:19 of 2nd period - Matt Martin is hit by Marcus Kruger.
12:43 of 2nd period - Jonathan Toews is hit by Jujhar Khaira and loses puck.
14:15 of 2nd period - Snap shot by Boo Nieves.
14:15 of 2nd period - Stopped by Corey Crawford without a rebound.
14:16 of 2nd period - Boo Nieves wins face-off versus Artem Anisimov in Chicago Blackhawks zone.
14:49 of 2nd period - Snap shot by Jonathan Toews.
14:49 of 2nd period - Stopped by Peter Budaj without a rebound.
14:50 of 2nd period - Brandon Dubinsky wins face-off versus Marcus Kruger in New York Rangers zone.
15:15 of 2nd period - Snap shot by Lee Stempniak.
15:15 of 2nd period - Stopped by Corey Crawford without a rebound.
15:16 of 2nd period - Jujhar Khaira wins face-off versus Artem Anisimov in Chicago Blackhawks zone.
15:19 of 2nd period - Snap shot by Lee Stempniak.
15:19 of 2nd period - Shot Blocked by Patrick Kane.
15:49 of 2nd period - Slapshot by Seth Jones.
15:49 of 2nd period - Shot Misses the Net.
16:11 of 2nd period - Marcus Kruger is hit by Matt Martin and loses puck.
16:18 of 2nd period - Boo Nieves is hit by Alex DeBrincat.
16:33 of 2nd period - Icing by Adam Larsson.
16:34 of 2nd period - Boo Nieves wins face-off versus Artem Anisimov in New York Rangers zone.
16:34 of 2nd period - Boo Nieves is hit by Brent Seabrook.
16:42 of 2nd period - Wrist shot by Boo Nieves.
16:42 of 2nd period - Stopped by Corey Crawford without a rebound.
16:43 of 2nd period - Jonathan Toews wins face-off versus Brandon Dubinsky in Chicago Blackhawks zone.
17:30 of 2nd period - Snap shot by Patrick Kane.
17:30 of 2nd period - Stopped by Peter Budaj without a rebound.
17:31 of 2nd period - Shawn Matthias wins face-off versus Jonathan Toews in New York Rangers zone.
17:47 of 2nd period - Wrist shot by Jonathan Toews.
17:47 of 2nd period - Stopped by Peter Budaj without a rebound.
17:48 of 2nd period - Denis Malgin wins face-off versus Boo Nieves in New York Rangers zone.
17:51 of 2nd period - Snap shot by Andrew Ladd.
17:51 of 2nd period - Stopped by Peter Budaj without a rebound.
17:52 of 2nd period - Andrew Ladd wins face-off versus Boo Nieves in New York Rangers zone.
17:52 of 2nd period - Seth Jones is hit by Adam Larsson and loses puck.
17:56 of 2nd period - Icing by Adam Larsson.
17:57 of 2nd period - Denis Malgin wins face-off versus Boo Nieves in New York Rangers zone.
18:14 of 2nd period - Wrist shot by Matt Martin.
18:14 of 2nd period - Shot Blocked by Seth Jones.
18:16 of 2nd period - Wrist shot by Matt Martin.
18:16 of 2nd period - Stopped by Corey Crawford without a rebound.
18:17 of 2nd period - Marcus Kruger wins face-off versus Mats Zuccarello in Chicago Blackhawks zone.
18:28 of 2nd period - Off-side.
18:29 of 2nd period - Brandon Dubinsky wins face-off versus Artem Anisimov in neutral zone.
18:56 of 2nd period - Alexander Petrovic is hit by Anthony Mantha and loses puck.
19:13 of 2nd period - Slapshot by Scott Mayfield.
19:13 of 2nd period - Shot Misses the Net.
19:38 of 2nd period - Slapshot by Seth Jones.
19:38 of 2nd period - Shot Blocked by Magnus Paajarvi.
19:40 of 2nd period - Snap shot by Andrew Ladd.
19:40 of 2nd period - Shot Blocked by Tony DeAngelo.
19:42 of 2nd period - Snap shot by David Kampf.
19:42 of 2nd period - Shot Blocked by Shawn Matthias.
Goals for this period are 1 for Chicago Blackhawks vs 2 for New York Rangers.
Shots for this period are 7 for Chicago Blackhawks vs 13 for New York Rangers.

3rd period


0:01 of 3rd period - Jonathan Toews wins face-off versus Daniel Sedin in neutral zone.
0:26 of 3rd period - Lee Stempniak is hit by Seth Jones and loses puck.
0:41 of 3rd period - Minor Penalty to Connor Murphy for Diving.
0:42 of 3rd period - Marcus Kruger wins face-off versus Brandon Dubinsky in Chicago Blackhawks zone.
0:55 of 3rd period - Wrist shot by Daniel Sedin.
0:55 of 3rd period - Shot Blocked by Seth Jones.
0:57 of 3rd period - Wrist shot by Brandon Dubinsky.
0:57 of 3rd period - Stopped by Corey Crawford without a rebound.
0:58 of 3rd period - Lee Stempniak wins face-off versus Marcus Kruger in Chicago Blackhawks zone.
1:01 of 3rd period - Snap shot by Magnus Paajarvi.
1:01 of 3rd period - Stopped by Corey Crawford with a rebound.
2:06 of 3rd period - Icing by Kris Russell.
2:07 of 3rd period - Brandon Dubinsky wins face-off versus Artem Anisimov in New York Rangers zone.
2:41 of 3rd period - Penalty to Connor Murphy is over, Connor Murphy is back on ice.
3:02 of 3rd period - Snap shot by Matt Martin.
3:02 of 3rd period - Deflect By Boo Nieves.
3:02 of 3rd period - Stopped by Corey Crawford with a rebound.
3:14 of 3rd period - David Kampf is hit by Alexandre Burrows and loses puck.
4:27 of 3rd period - Boo Nieves is hit by Jan Rutta and loses puck.
5:39 of 3rd period - Wrist shot by Nick Schmaltz.
5:39 of 3rd period - Shot Misses the Net.
5:41 of 3rd period - Snap shot by Seth Jones.
5:41 of 3rd period - Deflect By Anthony Mantha.
5:41 of 3rd period - Deflect By Neal Pionk.
5:41 of 3rd period - Chicago Blackhawks goal is going for a video replay.
5:41 of 3rd period - The goal is good.
5:41 of 3rd period - Goal by Anthony Mantha - Chicago Blackhawks : 4 - New York Rangers : 2.
5:42 of 3rd period - Artem Anisimov wins face-off versus Jujhar Khaira in neutral zone.
5:45 of 3rd period - Adam Larsson is hit by Scott Mayfield and loses puck.
5:52 of 3rd period - Wrist shot by Patrick Kane.
5:52 of 3rd period - Stopped by Peter Budaj without a rebound.
5:53 of 3rd period - Brandon Dubinsky wins face-off versus Anthony Mantha in New York Rangers zone.
6:00 of 3rd period - Wrist shot by Adam Larsson.
6:00 of 3rd period - Stopped by Corey Crawford without a rebound.
6:01 of 3rd period - Jonathan Toews wins face-off versus Daniel Sedin in Chicago Blackhawks zone.
6:08 of 3rd period - Daniel Sedin is hit by Jonathan Toews and loses puck.
6:15 of 3rd period - Wrist shot by Jonathan Toews.
6:15 of 3rd period - Stopped by Peter Budaj without a rebound.
6:16 of 3rd period - Jujhar Khaira wins face-off versus Marcus Kruger in New York Rangers zone.
6:16 of 3rd period - Jujhar Khaira is hit by Richard Panik.
6:24 of 3rd period - Slapshot by Lee Stempniak.
6:24 of 3rd period - Shot Misses the Net.
6:30 of 3rd period - Snap shot by Alex DeBrincat.
6:30 of 3rd period - Shot Misses the Net.
6:46 of 3rd period - Snap shot by Mats Zuccarello.
6:46 of 3rd period - Shot Misses the Net.
6:48 of 3rd period - Slapshot by Neal Pionk.
6:48 of 3rd period - Stopped by Corey Crawford with a rebound.
6:50 of 3rd period - Slapshot by Mats Zuccarello.
6:50 of 3rd period - Shot Misses the Net.
7:08 of 3rd period - Snap shot by David Kampf.
7:08 of 3rd period - Shot Misses the Net.
7:24 of 3rd period - Wrist shot by Jonathan Toews.
7:24 of 3rd period - Stopped by Peter Budaj without a rebound.
7:25 of 3rd period - Jonathan Toews wins face-off versus Shawn Matthias in New York Rangers zone.
7:26 of 3rd period - Wrist shot by Nick Schmaltz.
7:26 of 3rd period - Stopped by Peter Budaj without a rebound.
7:27 of 3rd period - Jonathan Toews wins face-off versus Brandon Dubinsky in New York Rangers zone.
7:32 of 3rd period - Wrist shot by Jonathan Toews.
7:32 of 3rd period - Stopped by Peter Budaj without a rebound.
7:33 of 3rd period - Brandon Dubinsky wins face-off versus Marcus Kruger in New York Rangers zone.
7:38 of 3rd period - Richard Panik is hit by Brady Skjei and loses puck.
8:25 of 3rd period - Snap shot by Matt Martin.
8:25 of 3rd period - Shot Misses the Net.
9:43 of 3rd period - Snap shot by Denis Malgin.
9:43 of 3rd period - Stopped by Peter Budaj without a rebound.
9:44 of 3rd period - Jujhar Khaira wins face-off versus Denis Malgin in New York Rangers zone.
9:49 of 3rd period - Slapshot by Brady Skjei.
9:49 of 3rd period - Stopped by Corey Crawford with a rebound.
9:51 of 3rd period - Wrist shot by Alexandre Burrows.
9:51 of 3rd period - Shot Misses the Net.
9:53 of 3rd period - Snap shot by Jujhar Khaira.
9:53 of 3rd period - Stopped by Corey Crawford without a rebound.
9:54 of 3rd period - Denis Malgin wins face-off versus Jujhar Khaira in Chicago Blackhawks zone.
9:54 of 3rd period - Denis Malgin is hit by Adam Larsson.
10:18 of 3rd period - Wrist shot by Jonathan Toews.
10:18 of 3rd period - Shot Misses the Net.
10:59 of 3rd period - Off-side.
11:00 of 3rd period - Ryan Hartman wins face-off versus Jujhar Khaira in neutral zone.
11:04 of 3rd period - Minor Penalty to Jujhar Khaira for Holding.
11:05 of 3rd period - Denis Malgin wins face-off versus Mats Zuccarello in New York Rangers zone.
11:07 of 3rd period - Slapshot by Nick Schmaltz.
11:07 of 3rd period - Shot Misses the Net.
11:59 of 3rd period - Icing by Patrick Kane.
12:00 of 3rd period - Jonathan Toews wins face-off versus Mats Zuccarello in Chicago Blackhawks zone.
12:24 of 3rd period - Ryan Hartman is hit by Mats Zuccarello and loses puck.
13:04 of 3rd period - Penalty to Jujhar Khaira is over, Jujhar Khaira is back on ice.
13:18 of 3rd period - Tony DeAngelo is hit by Andrew Ladd and loses puck.
15:12 of 3rd period - Connor Murphy is hit by Matt Martin.
15:28 of 3rd period - Artem Anisimov is hit by Boo Nieves and loses puck.
16:04 of 3rd period - Tony DeAngelo is hit by Alex DeBrincat and loses puck.
16:43 of 3rd period - Slapshot by Matt Martin.
16:43 of 3rd period - Shot Misses the Net.
16:45 of 3rd period - Slapshot by Neal Pionk.
16:45 of 3rd period - Stopped by Corey Crawford with a rebound.
17:19 of 3rd period - Snap shot by Tony DeAngelo.
17:19 of 3rd period - Shot Misses the Net.
18:07 of 3rd period - Icing by Jonathan Toews.
18:08 of 3rd period - Boo Nieves wins face-off versus Artem Anisimov in Chicago Blackhawks zone.
18:50 of 3rd period - Wrist shot by Brady Skjei.
18:50 of 3rd period - Shot Blocked by Anthony Mantha.
18:52 of 3rd period - Slapshot by Matt Martin.
18:52 of 3rd period - Deflect By Martin Necas.
18:52 of 3rd period - Shot Misses the Net.
18:52 of 3rd period - Puck is out of play.
18:53 of 3rd period - Jonathan Toews wins face-off versus Boo Nieves in Chicago Blackhawks zone.
19:16 of 3rd period - Scott Mayfield is hit by Mats Zuccarello and loses puck.
19:44 of 3rd period - Icing by Adam Larsson.
19:45 of 3rd period - Denis Malgin wins face-off versus Shawn Matthias in New York Rangers zone.
19:54 of 3rd period - Slapshot by Mats Zuccarello.
19:54 of 3rd period - Stopped by Corey Crawford with a rebound.
19:56 of 3rd period - Snap shot by Magnus Paajarvi.
19:56 of 3rd period - Stopped by Corey Crawford with a rebound.
19:58 of 3rd period - Slapshot by Kris Russell.
19:58 of 3rd period - Shot Blocked by Denis Malgin.
Goals for this period are 1 for Chicago Blackhawks vs 0 for New York Rangers.
Shots for this period are 7 for Chicago Blackhawks vs 10 for New York Rangers.